cohdb
Replays
Latest Replays
All Replays
Popular Replays
Top Player Replays
Match Explorer
How It Works
Community
CoH3 Stats
Reddit
Sign in to upload your games and track your stats! →
Sign in with Steam
Match 45102243
Unlisted
Match 45102243
Overview
Messages
Build Orders
End
Construct Barracks
Riflemen Squad
1⁄4-ton 4x4 Truck
Riflemen Squad
Grenade Package
Construct Medical Station
Riflemen Squad
Infantry Support Center
Engineer Squad
Construct Motor Pool
M1 Anti-tank Gun Team
M1 Anti-tank Gun Team
Advanced Logistics
Selects Heavy Weapons
Selects Heavy Weapons
Selects Heavy Weapons
Selects M2HB .50cal Heavy Machine Gun
M1918 Browning Automatic Rifles
M1 Mortar Team
Selects Rapid Reposition
Munitions Surplus
Construct Weapon Support Center
Riflemen Squad
实力不足只能当老六了
Bego
VonManteuffel
Heartless Jäger
0
0
Comments
sign in to comment!
No comments posted yet!